AoeStats
← Henkjood

Black Forest

507831637Analyzed
4v4 RM · 11d ago on Sep 19, 2026· 56m 12s· 8 players
Game mode
Random Map
Map size
Large (8 player)
Population
200
Speed
Normal
Resources
Standard
Victory
Conquest
Starting age
Dark Age
Ending age
Imperial Age
RankedLock teamsTeams togetherTeam positionsShared explorationLock speedFull tech treeHidden civsTurbo modeCheats
Victory
Defeat
🇳🇱 Britons · Netherlands
1225
+16
🇩🇪 Goths · Germany
1133
+19
🇮🇳 Inca · India
1119
+20
🇳🇱 Bohemians · Netherlands
967
+26
🇩🇪 Celts · Germany
1319
-24
🇸🇪 Dravidians · Sweden
1231
-21
🇩🇪 Mongols · Germany
1216
-21
🇷🇴 Turks · Romania
1066
-15
T.Mücke_63
6:26 Loom
12:27 Feudal Age
16:00 Castle Age
14:16 Horse Collar
14:22 Double-Bit Axe
18:44 Wheelbarrow
18:28 Bow Saw
19:04 Wheelbarrow
18:59 Heavy Plow
22:51 Gold Mining
24:16 Stone Mining
26:57 Stone Shaft Mining
30:35 Imperial Age
28:22 Hand Cart
27:53 Town Watch
28:10 Scale Mail Armor
28:21 Forging
28:53 Caravan
29:14 Anarchy
29:52 Chain Mail Armor
29:02 Man-at-Arms
29:45 Squires
29:10 Pikeman
31:10 Forging
30:24 Long Swordsman
31:06 Squires
30:49 Halberdier
32:15 Crop Rotation
32:54 Two-Man Saw
32:36 Conscription
31:38 Two-Handed Swordsman
34:01 Iron Casting
32:53 Elite Huskarl
33:38 Perfusion
33:47 Champion
34:30 Town Patrol
36:16 Chemistry
35:37 Ballistics
35:14 Murder Holes
35:29 Masonry
40:08 Blast Furnace
44:30 Fletching
45:14 Architecture
46:43 Bodkin Arrow
Tyrion_
10:41 Feudal Age
11:09 Feudal Age
12:27 Loom
15:11 Castle Age
13:53 Double-Bit Axe
16:10 Horse Collar
17:37 Wheelbarrow
22:36 Bow Saw
25:30 Gold Mining
29:10 Imperial Age
28:03 Forging
27:53 Scale Mail Armor
27:43 Fletching
27:53 Padded Archer Armor
28:25 Heavy Plow
27:49 Champi Runner
28:32 Squires
28:17 Arson
29:05 Champi Warrior
30:23 Iron Casting
30:03 Chain Mail Armor
29:52 Bodkin Arrow
30:35 Hand Cart
30:00 Elite Champi Warrior
31:38 Iron Casting
31:18 Chain Mail Armor
31:19 Leather Archer Armor
30:27 Elite Skirmisher
31:35 Conscription
31:45 Thumb Ring
31:10 Capped Ram
33:38 Blast Furnace
32:50 Siege Ram
34:20 Plate Mail Armor
33:50 Bracer
35:00 Ring Archer Armor
34:31 Elite Kamayuk
34:37 Pikeman
38:09 Caravan
38:39 Coinage
38:20 Guilds
42:18 Ballistics
42:58 Chemistry
41:54 Murder Holes
42:11 Fortified Wall
51:34 Halberdier
52:19 Andean Sling
52:22 Fabric Shields
57:09 Banking
Zaadlucht
2:10 Loom
12:20 Feudal Age
16:32 Castle Age
14:20 Double-Bit Axe
15:16 Horse Collar
17:39 Bow Saw
17:50 Heavy Plow
23:56 Wheelbarrow
29:51 Imperial Age
28:16 Fletching
28:53 Hand Cart
29:10 Bodkin Arrow
29:38 Ballistics
29:18 Gold Mining
29:08 Pikeman
30:52 Yeomen
31:22 Bracer
31:23 Padded Archer Armor
31:23 Scale Mail Armor
31:01 Elite Longbowman
31:18 Elite Longbowman
32:51 Conscription
33:40 Chemistry
32:58 Squires
34:10 Leather Archer Armor
34:10 Chain Mail Armor
34:05 Forging
33:21 Halberdier
37:45 Ring Archer Armor
37:51 Iron Casting
39:31 Plate Mail Armor
41:07 Blast Furnace
41:18 Siege Engineers
41:16 Arson
51:53 Warwolf
Henkjood
1:10 Loom
13:36 Feudal Age
14:09 Double-Bit Axe
19:05 Castle Age
17:36 Horse Collar
19:01 Wheelbarrow
20:16 Bow Saw
20:52 Heavy Plow
25:52 Hand Cart
30:13 Imperial Age
31:27 Chemistry
31:40 Conscription
32:35 Caravan
32:01 Houfnice
34:17 Two-Man Saw
34:38 Elite Hussite Wagon
38:48 Ballistics
38:34 Siege Engineers
Jesus_was_black
0:31 Loom
11:29 Feudal Age
16:36 Castle Age
14:49 Horse Collar
14:58 Double-Bit Axe
17:32 Bow Saw
18:47 Caravan
23:03 Wheelbarrow
24:01 Heavy Plow
25:43 Gold Mining
28:43 Fletching
28:54 Padded Archer Armor
32:08 Imperial Age
30:36 Ballistics
30:13 Bodkin Arrow
30:33 Leather Archer Armor
31:27 Hand Cart
33:09 Conscription
32:52 Bracer
33:23 Ring Archer Armor
33:57 Chemistry
32:20 Elite Elephant Archer
34:27 Medical Corps
35:15 Elite Skirmisher
37:29 Hand Cart
46:38 Siege Elephant
49:12 Two-Man Saw
NotADuck
10:27 Feudal Age
10:56 Feudal Age
11:47 Double-Bit Axe
14:31 Castle Age
19:17 Loom
19:25 Loom
23:17 Wheelbarrow
23:13 Gold Mining
28:39 Imperial Age
26:27 Hand Cart
26:39 Town Watch
29:35 Gold Shaft Mining
28:52 Stone Mining
28:54 Fletching
29:27 Ballistics
29:09 Padded Archer Armor
28:54 Horse Collar
30:00 Heavy Plow
30:14 Bow Saw
30:01 Bodkin Arrow
30:34 Leather Archer Armor
29:49 Elite Mangudai
31:05 Hoardings
31:21 Stone Shaft Mining
30:48 Bracer
31:53 Chemistry
31:17 Caravan
32:05 Masonry
32:20 Conscription
32:55 Nomads
33:15 Drill
32:56 Murder Holes
33:13 Fortified Wall
35:31 Scale Barding Armor
35:38 Bloodlines
35:28 Husbandry
35:57 Siege Engineers
36:45 Light Cavalry
42:01 Town Patrol
41:45 Hussar
44:37 Chain Barding Armor
44:27 Forging
47:38 Onager
49:56 Elite Steppe Lancer
Azazel
0:30 Loom
13:41 Feudal Age
18:06 Castle Age
17:35 Double-Bit Axe
17:43 Horse Collar
19:34 Wheelbarrow
20:48 Bow Saw
26:52 Hand Cart
28:15 Gold Mining
28:17 Stone Mining
30:06 Heavy Plow
32:42 Fortified Wall
35:42 Imperial Age
33:37 Ballistics
36:10 Husbandry
37:45 Bloodlines
Szorinx
0:41 Loom
12:54 Feudal Age
14:52 Double-Bit Axe
17:53 Castle Age
16:09 Horse Collar
19:58 Wheelbarrow
21:10 Heavy Plow
26:21 Bow Saw
27:27 Hand Cart
30:47 Imperial Age
29:47 Stone Mining
29:47 Gold Mining
30:16 Forging
30:06 Scale Mail Armor
30:00 Fletching
30:24 Masonry
31:09 Onager
32:19 Siege Engineers
33:15 Chemistry
33:32 Furor Celtica
33:44 Conscription
34:08 Siege Onager
36:01 Fortified Wall
35:17 Pikeman
36:35 Iron Casting
36:15 Chain Mail Armor
36:10 Halberdier
38:33 Blast Furnace
38:56 Plate Mail Armor
39:24 Bodkin Arrow
39:53 Ballistics
39:29 Murder Holes
40:41 Man-at-Arms
41:06 Gambesons
41:25 Capped Ram
41:29 Long Swordsman
42:20 Caravan
42:31 Guilds
42:18 Heavy Scorpion
42:26 Two-Handed Swordsman
43:19 Champion
43:31 Elite Woad Raider
47:46 Elite Woad Raider
Connection lost

Rejoining the realm…

Still unreachable

The connection could not be restored.

Session expired

The server has moved on; the page needs a fresh start.